 Dungeon Crawl Stone Soup version 0.27.1-34-g3ba077fa99 (webtiles) character file.

Game seed: 17634994104223311112

3484 alasdair19 the Carver (level 9, -9/117 HPs)
             Began as a Minotaur Fighter on Feb 1, 2022.
             Was an Elder of Okawaru.
             Mangled by an orc warrior (16 damage)
             ... on level 8 of the Dungeon.
             The game lasted 00:19:16 (8687 turns).

alasdair19 the Carver (Minotaur Fighter)            Turns: 8687, Time: 00:19:17

Health: -9/117     AC: 11    Str: 23    XL:     9   Next: 79%
Magic:  11/12      EV:  9    Int:  6    God:    Okawaru [****..]
Gold:   183        SH: 12    Dex: 10    Spells: 8/8 levels left

rFire    . . .     SeeInvis .   e - +0 falchion
rCold    . . .     Faith    .   c - +1 kite shield
rNeg     . . .     Spirit   .   b - +0 scale mail
rPois    .         Reflect  .   (helmet restricted)
rElec    .         Harm     .   i - +2 cloak
rCorr    .         Rampage  .   (no gloves)
Will     +....                  (no boots)
Stlth    ..........             (no amulet)
HPRegen  0.29/turn              f - ring of willpower
MPRegen  0.13/turn              m - ring of Xom's Passing Interest {Fly Slay+4}

@: berserking, flying, very quick
A: horns 2, retaliatory headbutt
a: Renounce Religion, Heroism


You were on level 8 of the Dungeon.
You worshipped Okawaru.
Okawaru was greatly pleased with you.
You visited 1 branch of the dungeon, and saw 8 of its levels.

You collected 274 gold pieces.
You spent 91 gold pieces at shops.

Inventory:

Hand Weapons
 e - a +0 falchion (weapon)
 q - a +1 hunting sling
 t - a +0 long sword
Missiles
 l - 5 sling bullets
 u - 14 boomerangs (quivered)
Armour
 b - a +0 scale mail (worn)
 c - a +1 kite shield (worn)
 i - a +2 cloak (worn)
Jewellery
 f - a ring of willpower (left hand)
 m - the ring of Xom's Passing Interest (right hand) {Fly Slay+4}
   (You found it on level 7 of the Dungeon)

   [ring of slaying]

   Slay:      It affects your accuracy & damage with ranged weapons and melee
   (+4).
   Fly:       It grants you flight.
 r - a ring of positive energy
Wands
 d - a wand of iceblast (6)
 p - a wand of polymorph (8)
 v - a wand of mindburst (17)
Scrolls
 o - 4 scrolls of magic mapping
 s - 2 scrolls of enchant armour
Potions
 a - 2 potions of heal wounds
 g - a potion of ambrosia {unknown}
 h - 3 potions of haste
 k - 4 potions of curing
 n - a potion of lignification


   Skills:
 + Level 6.7 Fighting
 + Level 9.2 Long Blades
 + Level 2.5 Slings
 + Level 0.2(1.4) Throwing
 + Level 8.6 Armour
 - Level 1.0 Dodging
 - Level 0.1 Stealth
 + Level 8.1 Shields
 * Level 5.5 Invocations


You had 8 spell levels left.
You didn't know any spells.
Your spell library contained the following spells:

 Spells                   Type           Power      Damage    Failure   Level
 Stone Arrow              Conj/Erth      0%         3d7       100%        3
 Bolt of Magma            Conj/Fire/Erth 0%         4d4       100%        5
 Malign Gateway           Summ/Tloc      0%         N/A       100%        7
 Summon Horrible Things   Summ           0%         N/A       100%        8
 Shatter                  Erth           0%         3d5*      100%        9


Dungeon Overview and Level Annotations

Branches:
Dungeon (8/15)             Temple (0/1) D:7
   Lair: D:8-11

Altars:
Fedhas
Makhleb
Okawaru
Trog
Uskayaw

Shops:
D:2 *   D:5 [


Innate Abilities, Weirdness & Mutations

You have a pair of horns on your head.
You reflexively headbutt those who attack you in melee.


Message History

Your Long Blades skill increases to level 9!
You slash the wyvern!
The wyvern is heavily wounded.
You hear a shout!
The wyvern closely misses you. You furiously retaliate!
You headbutt the wyvern!!
You kill the wyvern!
Okawaru accepts your kill.
The orc wizard points at you and mumbles some strange words.
The puff of flame hits you.
* * * LOW HITPOINT WARNING * * *
Your Shields skill increases to level 8!
You slash the orc wizard!
You kill the orc wizard!
Okawaru accepts your kill. You block the orc warrior's attack.
The orc wizard casts a spell at you.
The magic dart hits something!
You hear a shout!
You closely miss something.
You hear some strange, mumbled words.
A magic dart appears from out of thin air!
The magic dart hits you!
* * * LOW HITPOINT WARNING * * *
The orc warrior barely misses you.
You hit something. Your headbutt misses something.
Something hits you but does no damage.
You slash something! Okawaru accepts your kill.
Reactivating autopickup.
You feel a bit more experienced.
The orc warrior hits you from afar with a +0 halberd.
* * * LOW HITPOINT WARNING * * *
The orc shouts!
The orc closely misses you.
Items here: )))) [[[ ††††.
You barely miss the orc warrior.
The orc warrior is almost dead.
The orc warrior hits you with a +0 halberd!
You die...

#.........##.#
###.###.####.#
#.###.####.#####
#..............#
#..##.####.###.#
#.. #(####.###
###..##.##.....#
.......o##.#.#.#
##....oo@..#.#.#
.......o####.#.#
#....#.{.....#.#
#.#. #..........
...........
#....#####.#
.....# .##....
.. ##..o


You could see an orc warrior, 2 orc wizards and an orc.

Vanquished Creatures
  Pikel (D:7)
  The ghost of Koffer the Sneak, a novice OpEE (D:5)
  2 wyverns
  4 vampire mosquitoes (D:7)
  A water moccasin (D:7)
  A black bear (D:6)
  An orc warrior (D:8)
  3 ice beasts
  An ogre (D:7)
  4 lemures (D:7)
  A bullfrog (D:7)
  3 scorpions
  A wyvern skeleton (D:7)
  A water moccasin skeleton (D:4)
  A wight (D:7)
  2 gnoll shamans
  A hound (D:7)
  3 orc priests
  5 jellies
  A centaur skeleton (D:7)
  3 iguanas (D:5)
  A scorpion zombie (D:5)
  8 orc wizards
  Robin (D:2)
  A howler monkey skeleton (D:7)
  12 gnolls
  3 adders
  A shadow imp (D:7)
  4 white imps
  2 dart slugs
  13 orcs
  7 bats
  7 endoplasms
  5 giant cockroaches
  15 goblins
  4 hobgoblins
  7 jackals
  A quokka (D:3)
  5 ball pythons
  3 frilled lizards
  11 kobolds
  6 rats
158 creatures vanquished.

Notes
Turn   | Place    | Note
-------+----------+-------------------------------------------
     0 | D:1      | alasdair19 the Minotaur Fighter began the quest for the
                  | Orb.
     0 | D:1      | Reached XP level 1. HP: 19/19 MP: 0/0
    88 | D:1      | Reached XP level 2. HP: 20/27 MP: 1/1
   613 | D:1      | Reached XP level 3. HP: 26/33 MP: 2/2
   913 | D:1      | Reached skill level 3 in Long Blades
  1314 | D:2      | Noticed Robin
  1320 | D:2      | Killed Robin
  1321 | D:2      | Reached XP level 4. HP: 19/40 MP: 3/3
  1356 | D:2      | Reached skill level 1 in Slings
  1783 | D:2      | Found Dysaiqig's Assorted Antiques.
  1786 | D:2      | Bought a scroll labelled YPPEDA EFEXZU for 24 gold pieces
  1786 | D:2      | Bought a scroll labelled FUPSOE JAFULE for 24 gold pieces
  1786 | D:2      | Bought 2 viscous green potions for 43 gold pieces
  1870 | D:2      | Found a faded altar of an unknown god.
  2482 | D:3      | Found an iron altar of Okawaru.
  2578 | D:3      | Became a worshipper of Warmaster Okawaru
  3185 | D:4      | Reached skill level 4 in Long Blades
  3185 | D:4      | Reached XP level 5. HP: 45/47 MP: 4/4
  3371 | D:4      | Reached skill level 5 in Armour
  3713 | D:4      | Reached XP level 6. HP: 53/53 MP: 5/5
  3817 | D:4      | Reached * piety under Okawaru
  3818 | D:4      | Reached skill level 1 in Dodging
  3818 | D:4      | Reached skill level 5 in Shields
  4371 | D:5      | Entered Level 5 of the Dungeon
  4567 | D:5      | Noticed an ice beast
  4571 | D:5      | Reached skill level 5 in Long Blades
  4584 | D:5      | Killed an ice beast
  4585 | D:5      | Reached skill level 1 in Invocations
  4585 | D:5      | Reached XP level 7. HP: 60/60 MP: 6/6
  5225 | D:5      | Found a hide-covered altar of Uskayaw.
  5228 | D:5      | Found a runed translucent door.
  5233 | D:5      | Noticed Koffer's ghost (novice OpEE)
  5243 | D:5      | Killed Koffer's ghost
  5244 | D:5      | Reached skill level 5 in Fighting
  5267 | D:5      | Found a blossoming altar of Fedhas.
  5272 | D:5      | Found a burning altar of Makhleb.
  5285 | D:5      | Found Tyewinwe's Armour Shoppe.
  5404 | D:5      | Reached skill level 6 in Long Blades
  5753 | D:6      | Found a bloodstained altar of Trog.
  5905 | D:6      | Reached XP level 8. HP: 68/68 MP: 9/9
  5956 | D:6      | Reached ** piety under Okawaru
  6761 | D:7      | Found a staircase to the Ecumenical Temple.
  6801 | D:7      | Reached skill level 7 in Long Blades
  6973 | D:7      | Noticed Pikel
  7487 | D:7      | Identified the ring of Xom's Passing Interest {Fly Slay+4}
  7589 | D:7      | Reached *** piety under Okawaru
  7597 | D:7      | Reached XP level 9. HP: 28/75 MP: 11/11
  7911 | D:7      | Killed Pikel
  7912 | D:7      | Reached skill level 8 in Long Blades
  8227 | D:7      | Reached skill level 5 in Invocations
  8344 | D:7      | Reached **** piety under Okawaru
  8681 | D:8      | Reached skill level 9 in Long Blades
  8687 | D:8      | Mangled by an orc warrior

Illustrated notes

Levels and vault maps discovered:
D:1:      giann_forest_graveyard, layout_loops_corners
D:2:      layout_loops_ring, ebering_ecumenical_altar_abandoned, serial_shops,
          nicolae_shop_behind_doors, uniq_robin
D:3:      layout_loops_ring, okawaru_trees_2, serial_rivers,
          chequers_serial_rivers_micro_b, chequers_serial_rivers_micro_a,
          chequers_serial_rivers_large_a, chequers_serial_rivers_micro_b,
          chequers_serial_rivers_room_b, chequers_serial_rivers_micro_b
D:4:      layout_gridville
D:5:      layout_basic, grunt_temple_overflow_open, serial_shops,
          nicolae_shop_behind_doors, ebering_ghost_reflecting_pool
D:6:      layout_rooms, lemuel_tele_altar
D:7:      layout_basic, minmay_temple_entry_crystal_x, minmay_between,
          uniq_pikel
D:8:      layout_loops_ring, uniq_psyche

Skill      XL: |  1  2  3  4  5  6  7  8  9 |
---------------+----------------------------+-----
Shields        | 4 5 7 8 |  8.1
Armour         | 4 5 6 7 8 |  8.6
Fighting       | 4 5 6 |  6.7
Long Blades    | 3 4 5 6 7 9 |  9.2
Slings         | 1 2 |  2.5
Dodging        | 1 |  1.0
Invocations    | 1 2 4 5 |  5.5
Throwing       | |  0.2
Stealth        | |  0.1

Action                   |  1- 3 |  4- 6 |  7- 9 || total
-------------------------+-------+-------+-------++-------
Melee: Long sword        |    60 |   145 |   226 ||   431
       Headbutt          |     9 |    28 |    50 ||    87
       Falchion          |       |       |    19 ||    19
 Fire: Hunting sling     |    16 |    20 |     6 ||    42
Throw: Throwing net      |       |       |     2 ||     2
       Boomerang         |       |       |     2 ||     2
  Use: Scroll            |       |     8 |     7 ||    15
       Potion            |       |     4 |     4 ||     8
Armor: Scale mail        |    28 |    50 |    60 ||   138
       Skin              |       |    19 |       ||    19
Dodge: Dodged            |    23 |    36 |    67 ||   126
Block: Kite shield       |    38 |    90 |   149 ||   277
       Rpst.: Long sword |     9 |    12 |    16 ||    37
       Falchion          |       |       |     1 ||     1
